 Dungeon Crawl Stone Soup version 0.25-a0-302-g9f758675c1 (webtiles) character file.

Game seed: 17766369960301666014, levelgen mode: deterministic

186 DerDa the Fighter (level 5, -1/51 HPs)
             Began as a Gnoll Wanderer on Dec 20, 2019.
             Killed from afar by an orc wizard (4 damage)
             ... with a magic dart
             ... on level 3 of the Dungeon.
             The game lasted 00:05:09 (2249 turns).

DerDa the Fighter (Gnoll Wanderer)                  Turns: 2249, Time: 00:05:10

Health: -1/51      AC:  5    Str: 13    XL:     5   Next: 66%
Magic:  7/7        EV: 11    Int: 15    God:
Gold:   148        SH:  9    Dex: 16    Spells: 7/7 levels left

rFire    . . .     SeeInvis .   o - +0 long sword
rCold    . . .     Gourm    .   c - +0 shield
rNeg     . . .     Faith    .   b - +0 ring mail
rPois    .         Spirit   .   (no helmet)
rElec    .         Reflect  .   (no cloak)
rCorr    .         Harm     .   (no gloves)
MR       .....                  (no boots)
Stlth    +.........             (no amulet)
HPRegen  0.17/turn              m - +2 ring of evasion
MPRegen  0.10/turn              (no ring)

@: slowed, very slow
A: distributed training, fangs 1, strong nose
a: no special abilities


You were on level 3 of the Dungeon.
You were hungry.

You visited 1 branch of the dungeon, and saw 4 of its levels.

You collected 148 gold pieces.

Inventory:

Hand Weapons
 a - a +0 spear
 o - a +0 long sword (weapon)
 p - a +0 hunting sling
Missiles
 e - 60 stones
 i - 36 bolts
 u - 7 poisoned darts (quivered)
Armour
 b - a +0 ring mail (worn)
 c - a +0 shield (worn)
Jewellery
 m - a +2 ring of evasion (left hand)
Wands
 t - a wand of random effects (8)
Scrolls
 h - 2 scrolls of remove curse {unknown}
 n - a scroll of enchant weapon {unknown}
 s - a scroll of blinking {unknown}
Potions
 f - a potion of haste {unknown}
 g - a potion of agility {unknown}
 j - a potion of heal wounds
 k - 2 potions of might {unknown}
 l - a potion of cancellation {unknown}
 q - a potion of degeneration {unknown}
Comestibles
 d - 2 rations
 r - 7 chunks of flesh


   Skills:
 + Level 8.6 Fighting
 + Level 1.5 Short Blades
 + Level 1.5 Long Blades
 + Level 6.7 Axes
 + Level 1.5 Maces & Flails
 + Level 3.0 Polearms
 + Level 1.5 Staves
 + Level 1.5 Slings
 + Level 1.5 Bows
 + Level 1.5 Crossbows
 + Level 1.5 Throwing
 + Level 1.5 Armour
 + Level 1.5 Dodging
 + Level 1.5 Stealth
 + Level 4.8 Shields
 + Level 1.5 Unarmed Combat
 + Level 1.5 Spellcasting
 + Level 1.2 Conjurations
 + Level 1.2 Hexes
 + Level 1.2 Charms
 + Level 1.2 Summonings
 + Level 1.2 Necromancy
 + Level 1.2 Translocations
 + Level 1.2 Transmutations
 + Level 1.2 Fire Magic
 + Level 1.2 Ice Magic
 + Level 1.2 Air Magic
 + Level 1.2 Earth Magic
 + Level 1.2 Poison Magic
 + Level 1.7 Invocations
 + Level 1.5 Evocations


You had 7 spell levels left.
You didn't know any spells.
Your spell library was empty.

Dungeon Overview and Level Annotations

Branches:
Dungeon (4/15)
 Temple: D:4-7

Altars:
Dithmenos
Vehumet


Innate Abilities, Weirdness & Mutations

Your experience applies equally to all skills.
You have very sharp teeth.
Your uncanny sense of smell can sniff out nearby items.


Message History

The orc wizard is almost dead.
You feel sick. You block the orc wizard's attack.
The orc wizard casts a spell at you. You resist with some effort.
You closely miss the orc wizard.
The orc wizard is almost dead.
The orc wizard gestures wildly while chanting.
The orc wizard blinks!
You closely miss the orc wizard.
The orc wizard is almost dead.
The orc wizard points at you and mumbles some strange words.
You feel yourself slow down. You block the orc wizard's attack.
You miss the orc wizard.
The orc wizard is almost dead.
You feel sick.
You are no longer poisoned.
You block the orc wizard's attack.
The orc wizard points at you and mumbles some strange words.
The magic dart hits you.
You die...

#...#._.
#...##K
#######...##
#######.#.
...#........
##......... ...
......###(..# ∆
.# #....)..o#.#
.# #.##....)#.#
.# #.....#o# .#
##.#..#@# .# ∆
#.#..#.# .#
#....#.# ##
########..#.#
..
...........#.
.#
.........##.#
.# #######).#
.#
.###########..#
.
...>.....÷....#
#.


You could see an orc wizard.

Vanquished Creatures
  A hound (D:4)
  An orc priest (D:4)
  4 adders
  3 gnolls (D:3)
  4 dart slugs
  2 leopard geckos
  2 orcs (D:3)
  3 giant cockroaches (D:1)
  7 goblins
  6 hobgoblins
  9 kobolds
  6 bats
  4 frilled lizards
  3 rats
55 creatures vanquished.

Notes
Turn   | Place    | Note
-------+----------+-------------------------------------------
     0 | D:1      | DerDa the Gnoll Wanderer began the quest for the Orb.
     0 | D:1      | DerDa set off with the following items: a +0 spear, a +0
                  | ring mail, a +0 shield, a ration
     0 | D:1      | Reached XP level 1. HP: 26/26 MP: 1/1
   155 | D:1      | Reached XP level 2. HP: 31/33 MP: 2/2
   619 | D:1      | Reached XP level 3. HP: 38/38 MP: 3/3
  1024 | D:2      | Reached skill level 1 in Invocations
  1129 | D:2      | Found a radiant altar of Vehumet.
  1576 | D:2      | Reached skill level 1 in Short Blades
  1576 | D:2      | Reached skill level 1 in Long Blades
  1576 | D:2      | Reached skill level 1 in Maces & Flails
  1576 | D:2      | Reached skill level 1 in Staves
  1576 | D:2      | Reached skill level 1 in Slings
  1576 | D:2      | Reached skill level 1 in Bows
  1576 | D:2      | Reached skill level 1 in Crossbows
  1576 | D:2      | Reached skill level 1 in Throwing
  1576 | D:2      | Reached skill level 1 in Armour
  1576 | D:2      | Reached skill level 1 in Dodging
  1576 | D:2      | Reached skill level 1 in Stealth
  1576 | D:2      | Reached skill level 1 in Unarmed Combat
  1576 | D:2      | Reached skill level 1 in Spellcasting
  1576 | D:2      | Reached skill level 1 in Evocations
  1612 | D:2      | Reached XP level 4. HP: 45/45 MP: 5/5
  1973 | D:3      | Reached skill level 1 in Conjurations
  1973 | D:3      | Reached skill level 1 in Hexes
  1973 | D:3      | Reached skill level 1 in Charms
  1973 | D:3      | Reached skill level 1 in Summonings
  1973 | D:3      | Reached skill level 1 in Necromancy
  1973 | D:3      | Reached skill level 1 in Translocations
  1973 | D:3      | Reached skill level 1 in Transmutations
  1973 | D:3      | Reached skill level 1 in Fire Magic
  1973 | D:3      | Reached skill level 1 in Ice Magic
  1973 | D:3      | Reached skill level 1 in Air Magic
  1973 | D:3      | Reached skill level 1 in Earth Magic
  1973 | D:3      | Reached skill level 1 in Poison Magic
  2066 | D:3      | Found a shadowy altar of Dithmenos.
  2162 | D:4      | Reached XP level 5. HP: 46/51 MP: 5/7
  2249 | D:3      | Killed from afar by an orc wizard

Levels and vault maps discovered:
D:1:      mrwooster_arrival_arrow, layout_basic, hex_tiny, minmay_pentomino_q2
D:2:      layout_basic, fiery_altar_vehumet, chequers_serial_rivers_large_a
D:3:      layout_loops_ring, nicolae_dithmenos_through_a_glass_darkly
D:4:      layout_basic, gammafunk_temple_overflow_elements, serial_curves,
          eino_curves_04, eino_curves_03, eino_curves_03, serial_shops,
          nicolae_shop_temple_entry_statues_fountains, first_ration,
          uniq_natasha

Skill      XL: |  1  2  3  4  5 |
---------------+----------------+-----
Invocations    | 1 |  1.7
Short Blades   | 1 |  1.5
Long Blades    | 1 |  1.5
Maces & Flails | 1 |  1.5
Staves         | 1 |  1.5
Slings         | 1 |  1.5
Bows           | 1 |  1.5
Crossbows      | 1 |  1.5
Throwing       | 1 |  1.5
Armour         | 1 |  1.5
Dodging        | 1 |  1.5
Stealth        | 1 |  1.5
Unarmed Combat | 1 |  1.5
Spellcasting   | 1 |  1.5
Evocations     | 1 |  1.5
Conjurations   | 1 |  1.2
Hexes          | 1 |  1.2
Charms         | 1 |  1.2
Summonings     | 1 |  1.2
Necromancy     | 1 |  1.2
Translocations | 1 |  1.2
Transmutations | 1 |  1.2
Fire Magic     | 1 |  1.2
Ice Magic      | 1 |  1.2
Air Magic      | 1 |  1.2
Earth Magic    | 1 |  1.2
Poison Magic   | 1 |  1.2
Polearms       | 3 |  3.0
Fighting       | |  8.6
Axes           | |  6.7
Shields        | |  4.8

Action                   |  1- 3 |  4- 6 || total
-------------------------+-------+-------++-------
Melee: Spear             |   107 |       ||   107
       Bite              |    15 |     4 ||    19
       Long sword        |    19 |    70 ||    89
  Use: Potion            |       |     1 ||     1
  Eat: Chunk             |     2 |     2 ||     4
Armor: Ring mail         |    37 |    19 ||    56
Dodge: Dodged            |    37 |    28 ||    65
Block: Shield            |    42 |    49 ||    91
       Rpst.: Long sword |     3 |     6 ||     9

Table legend:
 A = Non-vault XP
 B = Vault XP
 C = Vault XP percentage of total XP
 D = Non-vault monster count
 E = Vault monster count
 F = Vault count percentage of total count
                 A         B        C        D         E       F
            +---------+---------+-------+---------+---------+-------
      Total |     263 |       4 |   1.5 |      53 |       2 |   3.6
            +---------+---------+-------+---------+---------+-------
        D:1 |      38 |       4 |   9.5 |      19 |       2 |   9.5
        D:2 |      72 |       0 |   0.0 |      20 |       0 |   0.0
        D:3 |      68 |       0 |   0.0 |      11 |       0 |   0.0
        D:4 |      85 |       0 |   0.0 |       3 |       0 |   0.0
            +---------+---------+-------+---------+---------+-------
